General information
- name: BNet
- type: Ladder team game (AT/RT)
- host: Battle.net
- saver: Liko
map: FullScaleAssault
- players: 8
- length: 35:25
- speed: Fast
- version: 1.26 W3XP
- replay type: Public
» download(273 KB)
Players
team 1 (loser)
GENERAL]GUAPO (
green | 54 APM | 1896 actions | 35:24)
8 Priestess of the Moon
3 Trueshot Aura
3 Searing Arrows
1 Starfall
1 Scout
» actions
| Assign group hotkey | 4 | |
| Basic commands | 17 | |
| Build / train | 149 | |
| Enter build submenu | 23 | |
| Enter hero's abilities submenu | 8 | |
| Remove unit from queue | 9 | |
| Right click | 971 | |
| Select / deselect | 551 | |
| Select group hotkey | 5 | |
| Use ability | 159 | |
1896 total
» units
| Wisp | 31 | |
| Huntress | 7 | |
| Goblin Zeppelin | 4 | |
| Goblin Shredder | 1 | |
| Goblin Sapper | 7 | |
| Hippogryph | 14 | |
| Faerie Dragon | 3 | |
| Archer | 7 | |
74 total
» upgrades
| Strength of the Moon | 3 | |
| Moon Armor | 4 | |
| Ultravision | 1 | |
| Nature's Blessing | 1 | |
| Well Spring | 1 | |
| Marksmanship | 1 | |
| Upgrade Moon Glaive | 1 | |
| Strength of the Wild | 3 | |
| Reinforced Hides | 3 | |
| Abolish Magic | 1 | |
| Druid of the Claw Training | 2 | |
| Resistant Skin | 1 | |
| Hardened Skin | 1 | |
| Hippogryph Taming | 1 | |
| Improved Bows | 1 | |
25 total
» buildings
| Moon Well | 7 | |
| Altar of Elders | 1 | |
| Hunter's Hall | 1 | |
| Ancient of Wonders | 2 | |
| Ancient of War | 3 | |
| Tree of Ages | 2 | |
| Tree of Life | 3 | |
| Tree of Eternity | 2 | |
| Ancient of Wind | 2 | |
| Ancient of Lore | 1 | |
| Great Hall | 1 | |
| Scout Tower | 2 | |
| Guard Tower | 2 | |
29 total
» build order
00:13 Moon Well
00:14 Altar of Elders
00:17 Moon Well
01:27 Hunter's Hall
01:40 Ancient of Wonders
02:01 Ancient of War
02:20 Ancient of War
02:24 Ancient of War
02:34 Moon Well
02:47 Moon Well
07:12 Tree of Ages
07:43 Moon Well
07:50 Tree of Life
08:33 Ancient of Wonders
11:49 Tree of Eternity
11:49 Tree of Eternity
13:30 Tree of Life
13:52 Ancient of Wind
13:55 Ancient of Wind
14:03 Ancient of Lore
19:47 Moon Well
19:48 Moon Well
25:08 Tree of Life
28:18 Great Hall
32:45 Scout Tower
32:55 Scout Tower
34:39 Guard Tower
» items
| Dust of Appearance | 2 | |
| Boots of Speed | 1 | |
| Lesser Clarity Potion | 1 | |
| Potion of Healing | 2 | |
| Scroll of Town Portal | 8 | |
| Scroll of Regeneration | 1 | |
| Anti-magic Potion | 1 | |
16 total

»
INSERTCOIN (
pink | 73 APM | 2049 actions | 27:59)
5 Far Seer
3 Feral Spirit
2 Chain Lighting
4 Shadow Hunter
2 Healing Wave
2 Hex
» actions
| Assign group hotkey | 24 | |
| Basic commands | 174 | |
| Build / train | 73 | |
| Enter build submenu | 10 | |
| Enter hero's abilities submenu | 9 | |
| Give item / drop item | 4 | |
| Remove unit from queue | 2 | |
| Right click | 548 | |
| Select / deselect | 492 | |
| Select group hotkey | 616 | |
| Use ability | 97 | |
2049 total
» units
| Peon | 7 | |
| Troll Headhunter/Berserker | 18 | |
| Troll Witch Doctor | 6 | |
| Shaman | 7 | |
38 total
» upgrades
| Ranged Weapons | 3 | |
| Shaman Training | 2 | |
| Witch Doctor Training | 2 | |
| Troll Regeneration | 1 | |
| Armor | 4 | |
| Berserker Upgrade | 1 | |
| Reinforced Defenses | 1 | |
14 total
» buildings
| Altar of Storms | 1 | |
| Orc Burrow | 6 | |
| Voodoo Lounge | 1 | |
| War Mill | 2 | |
| Barracks | 1 | |
| Stronghold | 1 | |
| Spirit Lodge | 2 | |
| Fortress | 1 | |
15 total
» build order
00:09 Altar of Storms
00:13 Orc Burrow
01:02 Voodoo Lounge
01:18 War Mill
01:27 War Mill
01:31 Barracks
02:17 Orc Burrow
03:49 Stronghold
03:54 Orc Burrow
03:55 Orc Burrow
06:19 Spirit Lodge
06:20 Spirit Lodge
06:35 Fortress
11:44 Orc Burrow
11:45 Orc Burrow
» items
| Healing Salve | 1 | |
| Orb of Fire | 1 | |
| Scroll of Town Portal | 2 | |
| Orb of Lightning | 2 | |
6 total
za2 (
red | 84 APM | 2552 actions | 30:21)
5 Archmage
3 Summon Water Elemental
2 Brilliance Aura
4 Mountain King
2 Storm Bolt
2 Bash
4 Paladin
2 Holy Light
2 Divine Shield
» actions
| Assign group hotkey | 31 | |
| Basic commands | 278 | |
| Build / train | 232 | |
| Enter build submenu | 29 | |
| Enter hero's abilities submenu | 13 | |
| Give item / drop item | 3 | |
| Remove unit from queue | 3 | |
| Right click | 800 | |
| Select / deselect | 494 | |
| Select group hotkey | 486 | |
| Use ability | 183 | |
2552 total
» units
| Peasant | 66 | |
| Footman | 11 | |
| Goblin Zeppelin | 3 | |
| Knight | 14 | |
| Flying Machine | 60 | |
| Spell Breaker | 10 | |
164 total
» upgrades
| Defend | 1 | |
| Swords | 2 | |
| Plating | 3 | |
| Lumber Harvesting | 2 | |
| Flak Cannons | 1 | |
| Flying Machine Bombs | 1 | |
| Gunpowder | 3 | |
| Control Magic | 1 | |
| Animal War Training | 1 | |
15 total
» buildings
| Farm | 11 | |
| Altar of Kings | 1 | |
| Barracks | 1 | |
| Lumber Mill | 2 | |
| Scout Tower | 1 | |
| Arcane Tower | 2 | |
| Arcane Vault | 3 | |
| Keep | 1 | |
| Blacksmith | 1 | |
| Castle | 1 | |
| Arcane Sanctum | 1 | |
| Workshop | 3 | |
| Town Hall | 2 | |
30 total
» build order
00:21 Farm
00:37 Altar of Kings
00:54 Barracks
00:59 Farm
01:08 Lumber Mill
02:00 Scout Tower
02:11 Farm
02:30 Arcane Tower
02:30 Arcane Tower
02:55 Arcane Vault
03:27 Keep
03:51 Blacksmith
03:54 Farm
05:35 Farm
05:57 Castle
06:23 Arcane Sanctum
07:06 Workshop
08:51 Town Hall
10:28 Town Hall
10:45 Workshop
11:19 Workshop
13:53 Lumber Mill
15:00 Arcane Vault
17:10 Farm
17:57 Farm
19:14 Farm
20:40 Farm
20:43 Farm
21:10 Farm
21:30 Arcane Vault
» items
| Orb of Fire | 2 | |
| Scroll of Regeneration | 1 | |
| Scroll of Town Portal | 11 | |
| Staff of Sanctuary | 1 | |
15 total
HuntingTKs (
orange | 31 APM | 951 actions | 30:50)
4 Paladin
2 Holy Light
2 Divine Shield
2 Pandaren Brewmaster
1 Drunken Haze
1 Breath of Fire
2 Mountain King
1 Storm Bolt
1 Thunder Clap
» actions
| Assign group hotkey | 14 | |
| Basic commands | 8 | |
| Build / train | 94 | |
| Enter build submenu | 28 | |
| Enter hero's abilities submenu | 8 | |
| Right click | 408 | |
| Select / deselect | 285 | |
| Select group hotkey | 44 | |
| Use ability | 62 | |
951 total
» units
| Peasant | 14 | |
| Footman | 7 | |
| Goblin Shredder | 1 | |
| Spell Breaker | 10 | |
| Knight | 15 | |
| Siege Engine | 24 | |
71 total
» upgrades
| Defend | 1 | |
| Control Magic | 1 | |
| Barrage | 1 | |
| Animal War Training | 1 | |
| Plating | 2 | |
| Swords | 2 | |
| Gunpowder | 2 | |
10 total
» buildings
| Farm | 14 | |
| Barracks | 2 | |
| Altar of Kings | 1 | |
| Keep | 1 | |
| Blacksmith | 1 | |
| Lumber Mill | 1 | |
| Town Hall | 1 | |
| Castle | 1 | |
| Workshop | 5 | |
| Arcane Sanctum | 1 | |
| Arcane Vault | 1 | |
29 total
» build order
00:15 Farm
00:20 Barracks
00:52 Altar of Kings
01:01 Farm
01:41 Farm
02:28 Farm
03:37 Keep
05:04 Blacksmith
05:08 Lumber Mill
05:38 Town Hall
07:20 Castle
07:24 Workshop
07:29 Arcane Sanctum
07:35 Arcane Vault
08:45 Workshop
08:48 Workshop
08:53 Barracks
10:00 Workshop
10:08 Workshop
11:07 Farm
11:09 Farm
11:11 Farm
11:14 Farm
11:59 Farm
12:02 Farm
12:05 Farm
13:11 Farm
13:15 Farm
13:19 Farm
team 2 (winner)

»
LSX- (
purple | 66 APM | 2342 actions | 35:24)
7 Demon Hunter
3 Immolation
3 Mana Burn
1 Metamorphosis
» actions
| Assign group hotkey | 39 | |
| Build / train | 81 | |
| ESC pressed | 2 | |
| Enter build submenu | 37 | |
| Enter hero's abilities submenu | 7 | |
| Give item / drop item | 3 | |
| Right click | 1428 | |
| Select / deselect | 331 | |
| Select group hotkey | 308 | |
| Use ability | 106 | |
2342 total
» units
| Wisp | 33 | |
| Hippogryph | 7 | |
| Dryad | 11 | |
| Druid of the Talon | 3 | |
54 total
» upgrades
| Strength of the Wild | 2 | |
| Reinforced Hides | 1 | |
| Abolish Magic | 1 | |
4 total
» buildings
| Altar of Elders | 1 | |
| Moon Well | 15 | |
| Hunter's Hall | 3 | |
| Ancient Protector | 4 | |
| Tree of Life | 3 | |
| Tree of Ages | 2 | |
| Ancient of Wind | 2 | |
| Ancient of Wonders | 1 | |
| Ancient of Lore | 2 | |
33 total
» build order
00:23 Altar of Elders
00:38 Moon Well
01:59 Hunter's Hall
02:54 Moon Well
04:35 Moon Well
04:57 Ancient Protector
09:41 Tree of Life
10:26 Tree of Life
10:39 Tree of Ages
11:49 Moon Well
11:53 Moon Well
13:38 Moon Well
13:43 Ancient of Wind
13:44 Ancient of Wind
14:10 Moon Well
14:15 Ancient of Wonders
16:26 Moon Well
16:26 Moon Well
16:27 Moon Well
16:27 Moon Well
16:47 Ancient of Lore
16:47 Ancient of Lore
19:01 Moon Well
23:17 Tree of Life
27:47 Moon Well
27:48 Moon Well
29:59 Hunter's Hall
30:02 Moon Well
32:20 Hunter's Hall
33:25 Ancient Protector
33:27 Ancient Protector
34:32 Ancient Protector
34:42 Tree of Ages
» items
| Potion of Healing | 2 | |
| Boots of Speed | 1 | |
| Staff of Teleportation | 1 | |
| Healing Salve | 2 | |
| Orb of Corruption | 3 | |
| Scroll of Town Portal | 2 | |
11 total

»
FlyinDance (
teal | 100 APM | 3553 actions | 35:24)
7 Blademaster
3 Wind Walk
3 Critical Strike
1 Bladestorm
7 Shadow Hunter
2 Hex
3 Healing Wave
1 Big Bad Voodoo
1 Serpent Ward
1 Firelord
1 Summon Lava Spawn
» actions
| Assign group hotkey | 37 | |
| Basic commands | 295 | |
| Build / train | 154 | |
| ESC pressed | 16 | |
| Enter build submenu | 31 | |
| Enter hero's abilities submenu | 19 | |
| Remove unit from queue | 2 | |
| Right click | 1125 | |
| Select / deselect | 422 | |
| Select group hotkey | 1284 | |
| Use ability | 168 | |
3553 total
» units
| Peon | 15 | |
| Grunt | 9 | |
| Shaman | 1 | |
| Tauren | 11 | |
| Raider | 3 | |
| Troll Witch Doctor | 7 | |
| Wind Rider | 6 | |
| Spirit Walker | 4 | |
| Blue Dragon | 3 | |
59 total
» upgrades
| Spiked Barricades | 2 | |
| Armor | 2 | |
| Berserker Strength | 1 | |
| Shaman Training | 2 | |
| Reinforced Defenses | 1 | |
| Ensnare | 2 | |
| Witch Doctor Training | 3 | |
| Pulverize | 1 | |
| Envenomed Spears | 1 | |
| Ranged Weapons | 0 | |
| Melee Weapons | 2 | |
| Spirit Walker Training | 3 | |
20 total
» buildings
| Altar of Storms | 1 | |
| Orc Burrow | 7 | |
| Stronghold | 2 | |
| War Mill | 1 | |
| Voodoo Lounge | 1 | |
| Barracks | 1 | |
| Watch Tower | 6 | |
| Fortress | 1 | |
| Spirit Lodge | 1 | |
| Tauren Totem | 1 | |
| Beastiary | 1 | |
| Great Hall | 4 | |
27 total
» build order
00:07 Altar of Storms
00:20 Orc Burrow
02:05 Stronghold
02:05 Stronghold
02:09 War Mill
02:14 Orc Burrow
02:22 Orc Burrow
02:50 Orc Burrow
03:02 Voodoo Lounge
03:28 Barracks
04:19 Watch Tower
04:29 Fortress
05:39 Spirit Lodge
07:15 Watch Tower
08:05 Tauren Totem
09:04 Beastiary
10:47 Watch Tower
10:49 Watch Tower
10:53 Watch Tower
11:07 Watch Tower
13:34 Orc Burrow
14:59 Orc Burrow
18:00 Great Hall
21:54 Orc Burrow
22:59 Great Hall
27:03 Great Hall
31:14 Great Hall
» items
| Lesser Clarity Potion | 2 | |
| Healing Salve | 2 | |
| Tiny Great Hall | 1 | |
| Orb of Lightning | 2 | |
| Potion of Healing | 4 | |
| Scroll of Town Portal | 3 | |
| Scroll of Speed | 1 | |
| Orb of Corruption | 1 | |
16 total
Liko (
yellow | 83 APM | 2948 actions | 35:25)
7 Death Knight
3 Death Coil
3 Unholy Aura
1 Animate Dead
6 Dark Ranger
3 Silence
2 Life Drain
1 Charm
6 Pit Lord
3 Howl of Terror
2 Cleaving Attack
1 Doom
» actions
| Assign group hotkey | 63 | |
| Basic commands | 93 | |
| Build / train | 112 | |
| ESC pressed | 4 | |
| Enter build submenu | 45 | |
| Enter hero's abilities submenu | 21 | |
| Give item / drop item | 8 | |
| Right click | 919 | |
| Select / deselect | 600 | |
| Select group hotkey | 907 | |
| Use ability | 176 | |
2948 total
» units
| Acolyte | 11 | |
| Ghoul | 2 | |
| Crypt Fiend | 5 | |
| Frost Wyrm | 5 | |
| Blue Dragon | 4 | |
| Goblin Zeppelin | 3 | |
| Peasant | 4 | |
| Goblin Sapper | 4 | |
38 total
» upgrades
| Burrow | 1 | |
| Web | 1 | |
| Freezing Breath | 1 | |
| Creature Carapace | 2 | |
| Creature Attack | 2 | |
7 total
» buildings
| Graveyard | 1 | |
| Crypt | 2 | |
| Altar of Darkness | 1 | |
| Ziggurat | 15 | |
| Halls of the Dead | 4 | |
| Tomb of Relics | 2 | |
| Black Citadel | 2 | |
| Necropolis | 3 | |
| Sacrificial Pit | 1 | |
| Boneyard | 2 | |
| Nerubian Tower | 4 | |
| Scout Tower | 3 | |
| Town Hall | 2 | |
| Arcane Tower | 2 | |
44 total
» build order
00:12 Graveyard
00:15 Crypt
00:48 Altar of Darkness
00:52 Ziggurat
01:46 Halls of the Dead
01:46 Halls of the Dead
02:07 Tomb of Relics
02:15 Ziggurat
03:56 Crypt
03:58 Ziggurat
04:08 Black Citadel
04:44 Necropolis
05:21 Sacrificial Pit
06:21 Ziggurat
06:42 Tomb of Relics
06:59 Ziggurat
07:01 Ziggurat
07:10 Boneyard
07:12 Boneyard
08:29 Nerubian Tower
08:34 Ziggurat
09:28 Nerubian Tower
11:48 Ziggurat
11:55 Ziggurat
14:13 Nerubian Tower
14:19 Ziggurat
19:15 Ziggurat
19:20 Nerubian Tower
21:02 Necropolis
21:20 Ziggurat
21:26 Ziggurat
22:31 Ziggurat
22:59 Halls of the Dead
26:30 Black Citadel
28:15 Scout Tower
28:17 Scout Tower
28:20 Scout Tower
29:02 Town Hall
29:19 Ziggurat
31:25 Necropolis
31:56 Arcane Tower
32:18 Arcane Tower
32:57 Town Hall
» items
| Rod of Necromancy | 1 | |
| Sacrificial Skull | 3 | |
| Boots of Speed | 1 | |
| Staff of Teleportation | 1 | |
| Orb of Corruption | 4 | |
| Potion of Healing | 3 | |
| Potion of Mana | 4 | |
| Scroll of Healing | 2 | |
| Potion of Lesser Invulnerability | 1 | |
| Scroll of Regeneration | 1 | |
| Lesser Clarity Potion | 1 | |
| Scroll of Town Portal | 1 | |
| Staff of Sanctuary | 1 | |
24 total

»
SilkSpectre (
blue | 50 APM | 1753 actions | 35:24)
6 Mountain King
2 Storm Bolt
1 Thunder Clap
2 Bash
1 Avatar
7 Paladin
2 Holy Light
2 Divine Shield
2 Devotion Aura
1 Resurrection
» actions
| Assign group hotkey | 37 | |
| Build / train | 78 | |
| Enter build submenu | 30 | |
| Enter hero's abilities submenu | 13 | |
| Give item / drop item | 1 | |
| Right click | 866 | |
| Select / deselect | 190 | |
| Select group hotkey | 465 | |
| Use ability | 73 | |
1753 total
» units
| Peasant | 10 | |
| Dragonhawk Rider | 5 | |
| Gryphon Rider | 22 | |
| Knight | 6 | |
| Rifleman | 1 | |
44 total
» upgrades
| Swords | 1 | |
| Lumber Harvesting | 1 | |
| Cloud | 1 | |
| Storm Hammers | 1 | |
| Armor | 1 | |
| Animal War Training | 1 | |
6 total
» buildings
| Farm | 16 | |
| Altar of Kings | 1 | |
| Lumber Mill | 1 | |
| Blacksmith | 1 | |
| Scout Tower | 5 | |
| Arcane Vault | 1 | |
| Keep | 1 | |
| Guard Tower | 4 | |
| Gryphon Aviary | 2 | |
| Castle | 1 | |
| Arcane Tower | 1 | |
| Barracks | 1 | |
| Town Hall | 1 | |
36 total
» build order
00:27 Farm
00:37 Altar of Kings
00:47 Farm
00:53 Lumber Mill
01:08 Farm
01:46 Farm
02:04 Blacksmith
02:24 Scout Tower
02:39 Arcane Vault
03:01 Keep
03:06 Farm
03:25 Guard Tower
03:29 Scout Tower
03:31 Farm
03:54 Farm
04:30 Guard Tower
04:39 Farm
05:18 Scout Tower
05:27 Gryphon Aviary
05:29 Gryphon Aviary
06:01 Castle
06:09 Farm
06:13 Arcane Tower
06:30 Farm
08:10 Farm
12:40 Farm
17:25 Farm
19:02 Barracks
19:04 Farm
21:00 Scout Tower
21:02 Farm
21:32 Guard Tower
21:42 Scout Tower
22:39 Farm
22:44 Guard Tower
26:55 Town Hall
» items
| Lesser Clarity Potion | 2 | |
| Potion of Healing | 2 | |
| Scroll of Town Portal | 1 | |
5 total
Chat log
(00:13 / Allies) FlyinDance: hi units?
(00:20 / Allies) Liko: dk fiend frost fast expo
(00:23 / Allies) SilkSpectre: hawks gryphs
(00:31 / Allies) LSX-: liko how do you feel about getting fed
(00:34 / Allies) Liko: yes
(00:35 / Allies) Liko: wood
(00:57 / Allies) Liko: ty
(01:00 / Allies) FlyinDance: what u going purple?
(01:12 / Allies) LSX-: feeding liko
(01:13 / Allies) LSX-: he's pro
(03:11 / Allies) FlyinDance: 2br
(03:35 / Allies) Liko: they rushing
(05:45 / All) GENERAL]GUAPO: next time dont fuck with my wisps
(06:54 / Allies) LSX-: .....
(10:08 / Allies) Liko: need army now purp
(10:18 / Allies) FlyinDance: purple give me this please
(10:28 / Allies) FlyinDance: ty
(10:35 / Allies) LSX-: someone help this goof
(13:00 / Allies) Liko: purp need 400 food
(13:22 / Allies) LSX-: wel someone go
(13:55 / Allies) FlyinDance: llets hit
(14:35 / Allies) FlyinDance: yellow go with us
(14:56 / Allies) FlyinDance: clear center
(15:49 / Allies) LSX-: well
(16:28 / Allies) FlyinDance: back
(16:38 / Allies) FlyinDance: we need dryads
(18:17 / Allies) LSX-: oh god blue
(18:18 / Allies) LSX-: get a tp
(18:28 / Allies) FlyinDance: b
(19:22 / Allies) LSX-: blue come
(21:54 / Allies) Liko: still no tp
(21:57 / Allies) Liko: sell items blue
(22:23 / Allies) LSX-: come
(23:08 / Allies) FlyinDance: use dragons
(23:29 / Allies) FlyinDance: fight
(23:30 / Allies) Liko: 3v4
(27:17 / Allies) LSX-: help this d00d
(30:21 / All) HuntingTKs: lost on lack of team work
(30:38 / All) HuntingTKs: well played by pink and i, the other 2 were tarded
(30:46 / All) HuntingTKs: gg
(30:59 / All) Liko: who says
(31:07 / All) Liko: well played by themselves
(31:13 / All) GENERAL]GUAPO: idk bro lol
(31:18 / All) Liko: lol
(32:27 / All) Liko: tt
(35:22 / All) GENERAL]GUAPO: my team sucked so bad